 Dungeon Crawl Stone Soup version 0.30-a0-808-g6e0788376e (webtiles) character file.

Game seed: 17373823415070391685

233 bmack86 the Chopper (level 5, -4/47 HPs)
             Began as a Minotaur Fighter on Feb 25, 2023.
             Killed from afar by a white imp (6 damage)
             ... with a puff of frost
             ... summoned by Natasha
             ... on level 3 of the Dungeon.
             The game lasted 00:04:21 (1580 turns).

bmack86 the Chopper (Minotaur Fighter)              Turns: 1580, Time: 00:04:22

Health: -4/47      AC: 12    Str: 22    XL:     5   Next: 74%
Magic:  4/4        EV:  4    Int:  5    God:
Gold:   156        SH:  4    Dex: 10    Spells: 4/4 levels left

rFire   . . .      SeeInvis .    a - +0 war axe
rCold   . . .      Faith    .    c - +0 buckler
rNeg    . . .      Spirit   .    p - +0 chain mail
rPois   .          Reflect  .    (helmet restricted)
rElec   .          Harm     .    (no cloak)
rCorr   .          Rampage  .    (no gloves)
Will    .....                    o - +2 pair of boots Stlth
                                 n - amulet of the acrobat
HPRegen 0.27/turn                (no ring)
MPRegen 0.09/turn                (no ring)

@: grasped by roots, slowed, constricted, very slow
A: horns 2, retaliatory headbutt
a: no special abilities


You were on level 3 of the Dungeon.
You visited 1 branch of the dungeon, and saw 3 of its levels.

You collected 156 gold pieces.

Inventory:

Hand Weapons
 a - a +0 war axe (weapon)
Missiles
 i - 3 boomerangs (quivered)
 k - 3 silver javelins
Armour
 c - a +0 buckler (worn)
 o - a +2 pair of boots (worn)
 p - a +0 chain mail (worn)
Jewellery
 g - a ring of wizardry
 n - an amulet of the acrobat (around neck)
Scrolls
 e - 2 scrolls of amnesia
 m - a scroll of enchant weapon {unknown}
Potions
 d - a potion of flight {unknown}
 f - a potion of mutation {unknown}
 h - 2 potions of magic
 j - a potion of curing
 l - 2 potions of attraction {unknown}


   Skills:
 + Level 4.6 Fighting
 * Level 4.6 Axes
 + Level 1.9 Throwing
 + Level 4.5 Armour
 + Level 4.6 Shields


You had 4 spell levels left.
You didn't know any spells.
Your spell library was empty.

Dungeon Overview and Level Annotations

Branches:
Dungeon (3/15)

Altars:
Sif Muna

Annotations:
D:3 Natasha


Innate Abilities, Weirdness & Mutations

You have a pair of horns on your head.
You reflexively headbutt those who attack you in melee.


Message History

Natasha stares at you and mumbles some strange words.
You feel yourself slow down.
You see here a staff of cold.
Natasha casts a spell.
You see here a sedimented sapphire potion.
Natasha claws you but does no damage.
Natasha zaps a wand.
The roots erupt in riotous growth!
The grasping roots grab you!
Natasha is unaffected.
The grasping roots constrict you.
You barely miss Natasha. Natasha claws you. The grasping roots constrict you.
You block Natasha's attack. The grasping roots constrict you.
You hit Natasha but do no damage. Natasha casts a spell at you.
The magic dart hits you! The grasping roots constrict you.
You block the white imp's attack. Natasha completely misses you.
You furiously retaliate!
You headbutt Natasha! The grasping roots constrict you!
* * * LOW HITPOINT WARNING * * *
The grasping roots release their grip on you.
You closely miss Natasha. Your headbutt misses Natasha.
Natasha is heavily wounded.
You hit the white imp but do no damage. You block the white imp's attack.
Natasha zaps a wand.
The roots erupt in riotous growth!
The grasping roots grab you!
The white imp is unaffected.
Natasha is unaffected.
The grasping roots constrict you.
* * * LOW HITPOINT WARNING * * *
The white imp hits you but does no damage.
You hit Natasha but do no damage.
Natasha is heavily wounded.
You hit the white imp. Natasha claws you but does no damage.
The grasping roots constrict you. The white imp gestures at you.
The puff of frost hits you!
* * * LOW HITPOINT WARNING * * *
Natasha drinks a potion.
Natasha is healed!
The grasping roots constrict you.
* * * LOW HITPOINT WARNING * * *
The white imp gestures at you. The puff of frost hits you.
You die...

.# ### .. #.. ..
######.# ..
#....#.# .... ..
#....#.#...... #..
##...|!.#......
..#.#
#.........+.......
.....
#.###....@#........
.....
#...5h#.....#..
.....
#####...........
.....
#.....)##.......
.....
#......†.......
.#...
#......†.......
#... #.....).....##
#... #......<....#
#...
#.#...........#


You could see Natasha and a white imp (summoned).

Vanquished Creatures
  An ogre (D:2)
  Ijyb (D:3)
  Natasha (twice) (D:3)
  3 adders
  2 dart slugs
  An orc (D:3)
  10 ball pythons
  2 endoplasms
  A giant cockroach (D:1)
  3 goblins (D:1)
  3 hobgoblins
  A jackal (D:2)
  2 quokkas
  2 bats
  7 frilled lizards
  3 kobolds
  7 rats
51 creatures vanquished.

Vanquished Creatures (others)
  3 toadstools (D:3)
3 creatures vanquished.

Grand Total: 54 creatures vanquished

Notes
Turn   | Place    | Note
-------+----------+-------------------------------------------
     0 | D:1      | bmack86 the Minotaur Fighter began the quest for the Orb.
     0 | D:1      | Reached XP level 1. HP: 19/19 MP: 0/0
   125 | D:1      | Reached XP level 2. HP: 27/27 MP: 1/1
   737 | D:2      | Noticed an ogre
   742 | D:2      | Killed an ogre
   743 | D:2      | Reached skill level 1 in Throwing
   743 | D:2      | Reached XP level 3. HP: 18/33 MP: 2/2
   743 | D:2      | Reached XP level 4. HP: 22/40 MP: 3/3
  1041 | D:2      | Reached XP level 5. HP: 47/47 MP: 4/4
  1090 | D:2      | Found a shimmering blue altar of Sif Muna.
  1445 | D:3      | Noticed Natasha
  1449 | D:3      | Killed Natasha
  1503 | D:3      | Noticed Natasha
  1507 | D:3      | Noticed Ijyb
  1510 | D:3      | Killed Natasha
  1515 | D:3      | Killed Ijyb
  1571 | D:3      | Noticed Natasha
  1580 | D:3      | HP: 2/47 [constriction (1)]
  1580 | D:3      | Killed from afar by a white imp

Illustrated notes

Levels and vault maps discovered:
D:1:      saegor_arrival_simple_c, layout_rooms, kennysheep_minor_cross
D:2:      layout_loops_ring, basic_altar, dreamdust_princess_corridor,
          minmay_tromino_v4_b
D:3:      layout_basic, minmay_gold_behind_fungi, st_stairs_13, uniq_natasha,
          uniq_ijyb

Skill      XL: |  1  2 |
---------------+-------+-----
Axes           | 4 |  4.6
Fighting       | 4 |  4.6
Throwing       | 1 |  1.9
Armour         | 4 |  4.5
Shields        | 4 |  4.6

Action                     |  1- 3 |  4- 6 || total
---------------------------+-------+-------++-------
  Melee: War axe           |    33 |    38 ||    71
         Headbutt          |     2 |       ||     2
         Unarmed           |       |    11 ||    11
  Throw: Boomerang         |    13 |       ||    13
    Use: Scroll            |     5 |     1 ||     6
         Potion            |     1 |       ||     1
 Armour: Scale mail        |    12 |    14 ||    26
         Chain mail        |       |     6 ||     6
         Skin              |       |     3 ||     3
  Dodge: Dodged            |    20 |    63 ||    83
  Block: Buckler           |     7 |     8 ||    15

Table legend: (Time is in decaauts)
 A = Elapsed time spent in this place.
 B = Non-inter-level travel time spent in this place.
 C = Inter-level travel time spent in this place.
 D = Time resting spent in this place.
 E = Time spent auto-exploring this place.
 F = Levels seen in this place.
 G = Mean time per level.
                   A        B        C        D        E       F      G
               +--------+--------+--------+--------+--------+-----+--------+
         Total |   1619 |   1519 |    100 |     47 |    876 |   3 |  539.7 |
       Dungeon |   1619 |   1519 |    100 |     47 |    876 |   3 |  539.7 |
               +--------+--------+--------+--------+--------+-----+--------+

Top non-repeatable levels by time:
     D:2: 803 daAuts
     D:1: 651 daAuts
     D:3: 164 daAuts
